 Dungeon Crawl Stone Soup version 0.31-a0-152-g6aa68a64a1 (webtiles) character file.

Game seed: 2536293493854030070

167 qw the Shooter (level 5, -6/46 HPs)
             Began as a Minotaur Hunter on June 9, 2023.
             Mangled by a black bear (11 damage)
             ... on level 3 of the Dungeon.
             The game lasted 00:00:45 (2103 turns).

qw the Shooter (Minotaur Hunter)                    Turns: 2103, Time: 00:00:46

Health: -6/46      AC:  5    Str: 16    XL:     5   Next: 23%
Magic:  4/4        EV: 12    Int:  6    God:
Gold:   150        SH:  0    Dex: 15    Spells: 4/4 levels left

rFire   . . .        Y - +0 shortbow (flame)
rCold   . . .        (shield currently unavailable)
rNeg    . . .        c - +0 leather armour
rPois   .            (helmet restricted)
rElec   .            (no cloak)
rCorr   .            d - +0 pair of gloves
SInv    .            i - +0 pair of boots
Will    .....        f - amulet of faith
Stlth   +            a - +4 ring of protection
HPRegen 0.27/turn    (no ring)
MPRegen 0.09/turn

%: faith
@: corroded
A: horns 2, retaliatory headbutt
a: no special abilities


You were on level 3 of the Dungeon.
You visited 1 branch of the dungeon, and saw 4 of its levels.

You collected 150 gold pieces.


Innate Abilities, Weirdness & Mutations

You have a pair of horns on your head.
You reflexively headbutt those who attack you in melee.


   Skills:
 + Level 3.6 Fighting
 - Level 6.6 Ranged Weapons
 - Level 1.0 Armour
 - Level 2.1 Dodging
 - Level 0.7 Stealth


You had 4 spell levels left.
You didn't know any spells.
Your spell library was empty.

Inventory:

Hand Weapons
 Y - a +0 shortbow of flaming (weapon)
Armour
 c - a +0 leather armour (worn)
 d - a +0 pair of gloves (worn)
 i - a +0 pair of boots (worn)
Jewellery
 a - a +4 ring of protection (left hand)
 f - an amulet of faith (around neck)
Scrolls
 e - a scroll of identify
Potions
 g - a potion of attraction {unknown}
 h - a potion of curing {unknown}

Dungeon Overview and Level Annotations

Branches:
Dungeon (4/15)
 Temple: D:4-7

Altars:
Yredelemnul

Annotations:
D:2 1 runed translucent door, Crazy Yiuf
D:4 Edmund


Message History

You kill the jelly!
The kobold hits you but does no damage. The black bear misses you.
The black bear claws you but does no damage. x2
You shoot an arrow. The arrow hits the black bear!
The arrow burns the black bear.
The black bear is severely wounded.
The kobold closely misses you. You furiously retaliate!
You headbutt the kobold, but do no damage.
The black bear misses you. x2; The black bear claws you.
The kobold hits you but does no damage.
You shoot an arrow. The arrow barely misses the black bear.
The kobold hits you with a +2 short sword of speed.
The black bear bites you. The black bear claws you.
The black bear claws you but does no damage.
The kobold completely misses you. You furiously retaliate!
You headbutt the kobold, but do no damage.
You shoot an arrow.
The arrow closely misses the black bear.
The kobold hits you with a +2 short sword of speed.
The black bear goes berserk!
The kobold hits you with a +2 short sword of speed.
You shoot an arrow.
The arrow hits the black bear but does no damage.
The black bear is severely wounded.
The black bear closely misses you. You furiously retaliate!
You headbutt the black bear. The black bear closely misses you.
The black bear claws you. The kobold misses you. You furiously retaliate!
You headbutt the kobold.
You kill the kobold!
The black bear completely misses you. x2; The black bear barely misses you.
You shoot an arrow.
The arrow closely misses the black bear.
The black bear bites you! The black bear barely misses you.
The black bear claws you.
The black bear bites you but does no damage.
The black bear completely misses you.
The black bear claws you but does no damage.
You shoot an arrow. The arrow barely misses the black bear.
The black bear bites you!
You die...

##########.......<..###.....##
####)..............:..........###
#....................)##.........
#.#######...........#.##.##......
..# ##............#..#.##......
.### #......[.......#.#.##......
)#8## #..............#...##......
....###..........)...#...##......
.....###........@h...#...##......
......8#.>...........#...###....#
.#.....##...........##.(.# #....#
.#8.....########...####### ######
.###.....#8###8##..# .#
##..............# # ##
#}...........#.# #
##............#.# #
###.....#8###8###.# ##


You could see a black bear (berserk).

Vanquished Creatures
  A scorpion (D:3)
  A jelly (D:3)
  2 adders
  A worm (D:3)
  2 dart slugs
  An orc (D:3)
  5 endoplasms
  3 giant cockroaches
  4 goblins
  3 hobgoblins
  3 quokkas
  3 ball pythons
  7 bats
  4 frilled lizards
  5 kobolds
  7 rats
  A spectral kobold (D:1)
  A spectral orc (D:3)
54 creatures vanquished.

Notes
Turn   | Place    | Note
-------+----------+-------------------------------------------
     0 | D:1      | qw the Minotaur Hunter began the quest for the Orb.
     0 | D:1      | Reached XP level 1. HP: 18/18 MP: 0/0
     0 | D:1      | 0 ||| qw: Version: 0.2-a-120-g592f744
     0 | D:1      | 0 ||| qw: Game counter: 3164
     0 | D:1      | 0 ||| qw: Always use a shield: true
     0 | D:1      | 0 ||| qw: God list: Okawaru
     0 | D:1      | 0 ||| qw: Allow faded altars: false
     0 | D:1      | 0 ||| qw: Do Orc after D:15 true
     0 | D:1      | 0 ||| qw: Do second Lair branch before Depths: true
     0 | D:1      | 0 ||| qw: Lair rune preference: random
     0 | D:1      | 0 ||| qw: Plans: Normal
     0 | D:1      | 0 ||| PLANNING D:1-11
    89 | D:1      | Reached XP level 2. HP: 25/25 MP: 1/1
   100 | D:1      | Reached skill level 5 in Ranged Weapons
   292 | D:1      | Reached skill level 3 in Fighting
   570 | D:1      | Found a faded altar of an unknown god.
   575 | D:1      | 575 ||| Stepping ~*~*~tactically~*~*~ (water).
   733 | D:1      | 733 ||| UPGRADING to +0 pair of gloves.
   738 | D:1      | 738 ||| DROPPING ring of wizardry.
   739 | D:1      | 739 ||| READING scroll labelled SOFIHA FUUZY.
   740 | D:1      | 740 ||| READING scroll labelled YBRATW SYNIMU.
   741 | D:1      | 741 ||| DROPPING scroll of butterflies.
   791 | D:2      | Reached XP level 3. HP: 29/31 MP: 2/2
  1057 | D:2      | Identified the +1 hand axe "Rosothru" {heavy, MP+9 Str+3}
  1295 | D:2      | Found a runed translucent door.
  1296 | D:2      | Noticed Crazy Yiuf
  1413 | D:2      | 1413 ||| READING scroll labelled ZASAFFIEPP.
  1414 | D:2      | 1414 ||| READING 2 scrolls labelled WUNA YFUOLAIXU.
  1415 | D:2      | 1415 ||| READING scroll labelled WOZIOPN TOUGE PECW.
  1473 | D:2      | 1473 ||| READING scroll labelled TYHEEZU OZXETH.
  1529 | D:2      | 1529 ||| READING 2 scrolls of identify.
  1529 | D:2      | 1529 ||| IDENTIFYING smoky white potion
  1530 | D:2      | 1530 ||| DROPPING scroll of poison.
  1531 | D:2      | 1531 ||| DROPPING potion of invisibility.
  1688 | D:3      | Noticed a scorpion
  1693 | D:3      | Killed a scorpion
  1694 | D:3      | Reached skill level 6 in Ranged Weapons
  1694 | D:3      | Reached XP level 4. HP: 33/38 MP: 3/3
  1923 | D:3      | Reached skill level 1 in Armour
  1960 | D:3      | Found a basalt altar of Yredelemnul.
  2014 | D:3      | Reached XP level 5. HP: 45/45 MP: 4/4
  2030 | D:3      | 2030 ||| UPGRADING to +0 pair of boots.
  2035 | D:3      | 2035 ||| UPGRADING to amulet of faith.
  2040 | D:3      | 2040 ||| UPGRADING to +4 ring of protection.
  2041 | D:3      | 2041 ||| READING scroll labelled EMUPLI GEGY.
  2090 | D:4      | Noticed Edmund
  2091 | D:4      | 2091 ||| PLANNING SEWER
  2091 | D:4      | Noticed a black bear
  2095 | D:4      | 2095 ||| STAIRDANCE
  2102 | D:3      | HP: 6/46 [black bear (8)]
  2103 | D:3      | Mangled by a black bear

Levels and vault maps discovered:
D:1:      psy_arrival_terrarium, layout_loops_ring,
          dreamdust_ecumenical_altar_drowned_temple
D:2:      layout_basic, uniq_crazy_yiuf_cottage
D:3:      layout_rooms, yredelemnul_forgotten_temple_becter,
          serial_corexii_hall, chequers_hall_statues_wall_a,
          chequers_hall_statues_y, corexii_hall_statues_u,
          chequers_hall_statues_y
D:4:      layout_basic, nemelex_spade_bored_becter,
          minmay_temple_entry_gardened_gates, gup_sewer_entry_glass, uniq_edmund

Skill      XL: |  1  2  3  4 |
---------------+-------------+-----
Ranged Weapons | 5 6 |  6.6
Fighting       | 3 |  3.6
Armour         | 1 |  1.0
Dodging        | |  2.1
Stealth        | |  0.7

Action                     |  1- 3 |  4- 6 || total
---------------------------+-------+-------++-------
   Fire: Shortbow          |    97 |    36 ||   133
    Use: Scroll            |     7 |     1 ||     8
 Armour: Leather armour    |    10 |     9 ||    19
  Dodge: Dodged            |    26 |    25 ||    51

Table legend:
 A = Non-vault XP
 B = Vault XP
 C = Vault XP percentage of total XP
 D = Non-vault monster count
 E = Vault monster count
 F = Vault count percentage of total count
                 A         B        C        D         E       F
            +---------+---------+-------+---------+---------+-------
      Total |     237 |       2 |   0.8 |      52 |       2 |   3.7
            +---------+---------+-------+---------+---------+-------
        D:1 |      37 |       1 |   2.6 |      24 |       1 |   4.0
        D:2 |      26 |       0 |   0.0 |       8 |       0 |   0.0
        D:3 |     174 |       1 |   0.6 |      20 |       1 |   4.8
            +---------+---------+-------+---------+---------+-------
